 Dungeon Crawl Stone Soup version 0.24.0-123-gd5b16e6ec5 (webtiles) character file.

Game seed: 8214148191835865762, levelgen mode: deterministic

1162 zedden the Slasher (level 8, -8/68 HPs)
             Began as a Pale Draconian Berserker on Dec 24, 2019.
             Was an Elder of Trog.
             Mangled by a gnoll
             ... wielding a +0 halberd
              (11 damage)
             ... on level 5 of the Dungeon.
             The game lasted 00:44:36 (3468 turns).

zedden the Slasher (Pale Draconian Berserker)       Turns: 3468, Time: 00:44:37

Health: -8/68      AC:  9    Str: 21    XL:     8   Next: 17%
Magic:  8/8        EV: 14    Int:  7    God:    Trog [****..]
Gold:   150        SH:  0    Dex: 12    Spells: 7/7 levels left

rFire    . . .     SeeInvis .   q - +2 dagger (drain)
rCold    . . .     Gourm    .   (no shield)
rNeg     . . .     Faith    .   (armour unavailable)
rPois    .         Spirit   .   (helmet restricted)
rElec    .         Reflect  .   m - +2 cloak
rCorr    +         Harm     .   (no gloves)
MR       .....                  (no boots)
Stlth    ++........             (no amulet)
HPRegen  0.21/turn              l - +4 ring of slaying
MPRegen  0.11/turn              g - ring of resist corrosion

@: berserk cooldown, slowed, very slow
A: breathe steam, unfitting armour, cold-blooded, AC +6
a: Breathe Steam, Berserk, Trog's Hand, Brothers in Arms, Renounce Religion


You were on level 5 of the Dungeon.
You worshipped Trog.
Trog was greatly pleased with you.
You were not hungry.

You visited 1 branch of the dungeon, and saw 5 of its levels.

You collected 150 gold pieces.

Inventory:

Hand Weapons
 a - a +0 falchion
 d - a +2 hunting sling of flaming
 f - a +2 dagger of speed
 j - a +3 flail
 q - a +2 dagger of draining (weapon)
 r - a +2 whip of holy wrath
 t - a +0 flail
 v - a +0 rapier
Missiles
 h - 2 javelins (quivered)
 k - 18 bolts
Armour
 e - a +0 helmet
 m - a +2 cloak (worn)
 n - a +2 robe of resistance
 u - a +0 robe
Jewellery
 g - a ring of resist corrosion (right hand)
 l - a +4 ring of slaying (left hand)
Wands
 i - a wand of polymorph (10)
Scrolls
 c - 2 scrolls of identify
 o - a scroll of noise {unknown}
Potions
 p - 2 potions of haste
 s - a potion of ambrosia {unknown}
Comestibles
 b - 6 rations


   Skills:
 + Level 5.2 Fighting
 + Level 4.3(5.9) Short Blades
 + Level 6.2(6.9) Long Blades
 + Level 5.0 Dodging
 + Level 2.3 Stealth


You had 7 spell levels left.
You didn't know any spells.
Your spell library contained the following spells:

 Spells                   Type           Power        Failure   Level  Hunger
 Animate Skeleton         Necr           N/A          43%         1    ##.....
 Pain                     Necr           #...         43%         1    ##.....
 Regeneration             Chrm/Necr      #.........   80%         3    ####...
 Vampiric Draining        Necr           #.........   80%         3    ####...
 Animate Dead             Necr           N/A          99%         4    #####..


Dungeon Overview and Level Annotations

Branches:
Dungeon (5/15)
 Temple: D:4-7

Altars:
Elyvilon
Fedhas
Nemelex Xobeh
Sif Muna
Vehumet


Innate Abilities, Weirdness & Mutations

You can breathe blasts of scalding, opaque steam.
Your pale cyan-grey scales are hard. (AC +6)
You cannot fit into any form of body armour.
You are cold-blooded and may be slowed by cold attacks.


Message History

You closely miss the gnoll.
You are no longer berserk.
You are exhausted.
You feel yourself slow down. The gnoll barely misses you.
The gnoll closely misses you. The gnoll barely misses you.
You hit the gnoll. You drain the gnoll.
The gnoll is severely wounded.
The gnoll hits you with a +0 whip.
* * * LOW HITPOINT WARNING * * *
The gnoll hits you from afar with a +0 spear.
* * * LOW HITPOINT WARNING * * *
The gnoll closely misses you.
The gnoll hits you from afar with a +0 spear!
* * * LOW HITPOINT WARNING * * *
The gnoll hits you but does no damage. x2
You fail to use your ability.
The gnoll misses you. The gnoll barely misses you. The gnoll misses you.
The gnoll hits you but does no damage.
The gnoll hits you from afar with a +0 halberd!
You die...

........P..............†.†.†.....
..........P..†.........†...P.....
≈≈≈≈≈≈≈≈≈≈≈≈≈≈≈≈≈≈≈≈≈≈≈≈≈≈≈≈≈≈≈≈≈
≈≈≈≈≈≈≈≈≈≈≈≈†≈≈≈≈≈≈≈≈≈≈≈≈≈≈≈≈≈≈≈≈
#≈≈≈≈≈≈≈≈≈≈≈≈≈≈≈≈≈≈≈≈≈≈≈≈≈≈≈≈##
#............................#g
#'############################.
#....'.......').'...... #+
#....#########@g####### #..).#
.....ggggg...... ######
.....ggggg...... .......gg.......
................ #######''#######
.... .... #. #'


You could see 13 gnolls.

Vanquished Creatures
  Grinder (D:4)
  Duvessa (D:4)
  2 centaurs
  A gnoll sergeant (D:5)
  Dowan (D:4)
  A crimson imp (D:5)
  A hound (D:4)
  3 gnoll shamans (D:5)
  An orc wizard (D:3)
  Jessica (D:2)
  An iguana (D:5)
  A worker ant (D:4)
  18 gnolls (D:5)
  8 adders
  2 worms
  2 dart slugs
  2 leopard geckos (D:2)
  10 orcs
  3 ball pythons
  9 bats
  A giant cockroach (D:3)
  15 goblins
  5 hobgoblins
  14 jackals (D:5)
  8 kobolds
  A quokka (D:2)
  5 frilled lizards
  9 rats
127 creatures vanquished.

Vanquished Creatures (others)
  A ball python (D:3)
1 creature vanquished.

Grand Total: 128 creatures vanquished

Notes
Turn   | Place    | Note
-------+----------+-------------------------------------------
     0 | D:1      | zedden the Draconian Berserker began the quest for the Orb.
     0 | D:1      | Reached XP level 1. HP: 19/19 MP: 1/1
   243 | D:1      | Reached XP level 2. HP: 26/26 MP: 2/2
   903 | D:2      | Reached XP level 3. HP: 33/33 MP: 3/3
  1026 | D:2      | Reached ** piety under Trog
  1033 | D:2      | Noticed Jessica
  1098 | D:2      | Killed Jessica
  1098 | D:2      | Reached XP level 4. HP: 29/40 MP: 4/4
  1158 | D:2      | Found a sparkling altar of Nemelex Xobeh.
  1193 | D:2      | Reached skill level 4 in Long Blades
  1713 | D:3      | Found a white marble altar of Elyvilon.
  1734 | D:3      | Noticed a centaur
  1745 | D:3      | Killed a centaur
  1745 | D:3      | Reached skill level 1 in Stealth
  1745 | D:3      | Reached XP level 5. HP: 35/47 MP: 5/5
  1949 | D:3      | Reached *** piety under Trog
  1958 | D:3      | Reached skill level 5 in Long Blades
  1958 | D:3      | Reached XP level 6. HP: 37/53 MP: 6/6
  1987 | D:3      | Found a shimmering blue altar of Sif Muna.
  1989 | D:3      | Found a radiant altar of Vehumet.
  2373 | D:4      | Found a blossoming altar of Fedhas.
  2423 | D:4      | Noticed Grinder
  2436 | D:4      | Paralysed by Grinder for 5 turns
  2442 | D:4      | Killed Grinder
  2442 | D:4      | Reached skill level 1 in Short Blades
  2844 | D:4      | Your scales start taking on a pale cyan-grey colour.
  2844 | D:4      | Reached XP level 7. HP: 59/60 MP: 7/7
  2907 | D:4      | Noticed Duvessa
  2907 | D:4      | Noticed Dowan
  2915 | D:4      | Killed Duvessa
  2923 | D:4      | Killed Dowan
  2923 | D:4      | Reached skill level 5 in Fighting
  2923 | D:4      | Reached skill level 6 in Long Blades
  3185 | D:5      | Entered Level 5 of the Dungeon
  3374 | D:5      | Reached **** piety under Trog
  3445 | D:5      | Reached XP level 8. HP: 54/68 MP: 8/8
  3464 | D:5      | Reached skill level 5 in Dodging
  3467 | D:5      | HP: 2/68 [gnoll/+0 spear (9)]
  3468 | D:5      | Mangled by a gnoll

Levels and vault maps discovered:
D:1:      scummos_arrival_forest, layout_basic
D:2:      layout_loops_ring, first_ration, nemelex_diamond_rough_becter,
          uniq_jessica
D:3:      layout_basic, chequers_temple_overflow_statue_of_worship,
          elyvilon_altar_4, serial_bayou_pond_b
D:4:      layout_basic, fedhas_altar_2, uniq_duvessa, uniq_grinder
D:5:      lemuel_castle_with_subvaults [lemuel_castle_interior_original],
          layout_rooms, temple_hall, grunt_ministairs_6, serial_bayou_pond_b

Skill      XL: |  1  2  3  4  5  6  7  8 |
---------------+-------------------------+-----
Dodging        | 3 4 5 |  5.0
Fighting       | 4 5 |  5.2
Long Blades    | 4 5 6 |  6.2
Stealth        | 1 2 |  2.3
Short Blades   | 1 3 4 |  4.3

Action                   |  1- 3 |  4- 6 |  7- 9 || total
-------------------------+-------+-------+-------++-------
Melee: Falchion          |    69 |    76 |       ||   145
       Tailslap          |    12 |    19 |    19 ||    50
       Dagger            |       |    33 |    97 ||   130
Invok: Berserk           |       |     1 |     2 ||     3
 Abil: Breathe Steam     |       |       |     1 ||     1
  Use: Scroll            |     1 |     6 |       ||     7
       Potion            |       |     8 |       ||     8
 Stab: Sleeping          |       |     1 |     2 ||     3
  Eat: Ration            |       |     4 |       ||     4
       Chunk             |       |     1 |       ||     1
Armor: Skin              |    18 |    41 |    34 ||    93
Dodge: Dodged            |    36 |    78 |    88 ||   202
       Rpst.: Falchion   |    14 |    19 |       ||    33
